 Dungeon Crawl Stone Soup version 0.30.0-5-g1a98f26d00 (webtiles) character file.

Game seed: 12253253390507631290

60 Inkenn the Trooper (level 4, -7/37 HPs)
             Began as a Human Fighter on May 8, 2023.
             Killed by divine providence
             ... invoked by an orc priest
              (12 damage)
             ... on level 3 of the Dungeon.
             The game lasted 00:02:15 (2027 turns).

Inkenn the Trooper (Human Fighter)                  Turns: 2027, Time: 00:02:15

Health: -7/37      AC:  6    Str: 18    XL:     4   Next: 24%
Magic:  4/4        EV:  9    Int:  9    God:
Gold:   141        SH:  4    Dex: 12    Spells: 3/3 levels left

rFire   . . .        a - +0 long sword
rCold   . . .        c - +0 buckler
rNeg    . . .        b - +0 scale mail
rPois   .            (no helmet)
rElec   .            (no cloak)
rCorr   .            (no gloves)
SInv    .            (no boots)
Will    .....        (no amulet) Stlth
                     (no ring)
HPRegen 0.26/turn    (no ring)
MPRegen 0.09/turn

%: no passive effects
@: no status effects
A: no striking features
a: no special abilities


You were on level 3 of the Dungeon.
You visited 1 branch of the dungeon, and saw 3 of its levels.

You collected 141 gold pieces.

Inventory:

Hand Weapons
 a - a +0 long sword (weapon)
Armour
 b - a +0 scale mail (worn)
 c - a +0 buckler (worn)
Jewellery
 n - an amulet of guardian spirit
Scrolls
 e - 4 scrolls of teleportation {unknown}
 f - a scroll of magic mapping {unknown}
 h - 2 scrolls of identify {unknown}
 i - 2 scrolls of enchant weapon {unknown}
 j - 2 scrolls of fear {unknown}
 m - a scroll of summoning {unknown}
 p - a scroll of torment {unknown}
 q - a scroll of poison {unknown}
Potions
 d - 2 potions of might
 g - 2 potions of lignification {unknown}
 k - a potion of attraction {unknown}
 l - 2 potions of berserk rage {unknown}
 o - a potion of heal wounds {unknown}


   Skills:
 * Level 3.7 Fighting
 - Level 2.0 Long Blades
 + Level 3.6 Armour
 + Level 3.6 Shields


You had 3 spell levels left.
You didn't know any spells.
Your spell library was empty.

Dungeon Overview and Level Annotations

Branches:
Dungeon (3/15)

Altars:

Annotations:
D:3 Grinder


Message History

You barely resist. You barely miss the hound. You block the hound's attack.
The orc priest hits you with a +0 whip. The hound bites you but does no damage.
The orc priest calls down the wrath of Beogh upon you.
Pain shoots through your body!
You barely miss the hound. The hound bites you but does no damage.
The hound bites you. The orc priest hits you with a +0 whip.
You barely miss the hound. The hound bites you. The hound barely misses you.
Grinder blinks!
The orc priest completely misses you.
You closely miss the hound. The hound barely misses you.
The orc priest hits you with a +0 whip. The hound barely misses you.
The orc priest hits you but does no damage.
You barely miss the hound. The hound closely misses you. The hound bites you.
The orc priest hits you with a +0 whip.
* * * LOW HITPOINT WARNING * * *
You hit the hound but do no damage. The hound bites you but does no damage.
The hound closely misses you.
The orc priest calls down the wrath of Beogh upon you.
You barely resist. You hit the hound.
The hound is lightly wounded.
The hound closely misses you. The orc priest hits you with a +0 whip.
* * * LOW HITPOINT WARNING * * *
You block the hound's attack. The orc priest hits you with a +0 whip.
* * * LOW HITPOINT WARNING * * *
You hit the hound.
The hound is heavily wounded.
The hound closely misses you. The hound barely misses you.
The orc priest hits you but does no damage.
You closely miss the hound.
The hound is heavily wounded.
The hound bites you but does no damage. You block the hound's attack.
The orc priest hits you with a +0 whip.
* * * LOW HITPOINT WARNING * * *
You closely miss the hound.
The hound is heavily wounded.
The hound barely misses you.
Grinder blinks!
The orc priest mumbles some strange prayers to Beogh against you.
Beogh smites you!
You die...

####................#
.....##############.#
###### #.# # #.#
##### #.# ......# #.#
.####.# #.# .#
#########.#####. .#
#..ooo@h......... .#
# ....ยง#####.###.#.#
.# .# .#. #.# .# .#
.. #.# .####.#.#.#
#.. .#....... ##.
.#..).# #. .#..### >
#..)..#.#


You could see a hound, an orc priest and 2 orcs.

Vanquished Creatures
  An adder (D:2)
  A worm (D:2)
  2 orcs (D:3)
  5 bats
  4 endoplasms
  2 giant cockroaches
  6 hobgoblins
  3 quokkas
  4 ball pythons
  3 frilled lizards
  6 goblins
  2 kobolds
  4 rats (D:1)
43 creatures vanquished.

Notes
Turn   | Place    | Note
-------+----------+-------------------------------------------
     0 | D:1      | Inkenn the Human Fighter began the quest for the Orb.
     0 | D:1      | Reached XP level 1. HP: 18/18 MP: 1/1
   102 | D:1      | Reached XP level 2. HP: 20/24 MP: 2/2
   503 | D:1      | Reached XP level 3. HP: 29/29 MP: 3/3
  1473 | D:2      | Reached XP level 4. HP: 18/36 MP: 4/4
  2009 | D:3      | Noticed Grinder
  2027 | D:3      | Killed from afar by an orc priest

Illustrated notes

Levels and vault maps discovered:
D:1:      saegor_arrival_simple_d, layout_loops_ring
D:2:      layout_basic, chequers_serial_rivers_large_b
D:3:      layout_loops_ring, uniq_crazy_yiuf_cottage, uniq_grinder

Action                     |  1- 3 |  4- 6 || total
---------------------------+-------+-------++-------
  Melee: Long sword        |   113 |    45 ||   158
 Armour: Scale mail        |    52 |    26 ||    78
  Dodge: Dodged            |    69 |    26 ||    95
  Block: Buckler           |    34 |     8 ||    42
